[Event "Late-Titled-Tuesday-Blitz-August-29-2023"]
[Site "Chess.com"]
[Date "2023.08.29"]
[Round "10"]
[White "Arystanner"]
[Black "AndreiITrifan"]
[Result "1-0"]
[WhiteElo "2862"]
[BlackElo "2590"]
[TimeControl "180+1"]
[EndTime "15:50:30 PDT"]
[Termination "Arystanner won by resignation"]

1. d4 Nf6 2. Nf3 e6 3. c4 b6 4. Nc3 Bb7 5. e3 Be7 6. Bd3 c5 7. O-O cxd4 8. exd4 d5 9. cxd5 Nxd5 10. Bb5+ Bc6 11.
Qa4 Qd7 12. Bxc6 Qxc6 13. Qb3 O-O 14. Ne5 Qb7 15. Nxd5 Qxd5 16. Qxd5 exd5 17. Bf4 Na6 18. Rac1 Rac8 19. Nc6 Bf6 20. b4 g5 21. Bd6 Rfe8 22.
b5 Kg7 23. bxa6 Re6 24. Nxa7 Rxc1 25. Rxc1 Rxd6 26. Nb5 Rd8 27. a7 Ra8 28. Rc7 Kg6 29. Rb7 Bd8 30. Rb8 1-0

[Event "Late-Titled-Tuesday-Blitz-August-29-2023"]
[Site "Chess.com"]
[Date "2023.08.29"]
[Round "10"]
[White "pedromartinez91"]
[Black "Jojo_898"]
[Result "0-1"]
[WhiteElo "2481"]
[BlackElo "2374"]
[TimeControl "180+1"]
[EndTime "15:50:47 PDT"]
[Termination "Jojo_898 won on time"]

1. e4 d6 2. d4 Nf6 3. Bd3 g6 4. c3 Bg7 5. Nf3 O-O 6. h3 Nbd7 7. O-O c5 8. Re1 a6 9. a4 e5 10. d5 Rb8 11. a5 Nh5 12. Nbd2 Nf4 13. Bf1 f5 14. Nc4 fxe4 15. Rxe4 Nf6 16. Re1 N4xd5 17. Bg5 Be6 18. Bxf6 Bxf6 19. Nfd2 Be7 0-1

[Event "Late-Titled-Tuesday-Blitz-August-29-2023"]
[Site "Chess.com"]
[Date "2023.08.29"]
[Round "10"]
[White "jinbojinbo"]
[Black "Sjakkerntobi"]
[Result "1-0"]
[WhiteElo "2680"]
[BlackElo "2486"]
[TimeControl "180+1"]
[EndTime "15:50:57 PDT"]
[Termination "jinbojinbo won by checkmate"]

1. e4 e6 2. d4 d5 3. Nc3 Bb4 4. e5 Ne7 5. Bd2 b6 6. a3 Bxc3 7. Bxc3 Ba6 8. Bxa6 Nxa6 9. h4 c5 10. Nf3 Rc8 11. h5 h6 12. Qd3 Nb8 13. Bd2 Nbc6 14.
c3 Na5 15. Bf4 Qc7 16. O-O cxd4 17. Nxd4 Qc4 18. Qg3 Kf8 19. Rad1 Nac6 20. Qf3 Nxd4 21. cxd4 Nf5 22. Be3 Qb3 23. g4 Ne7 24. Rc1 Nc6 25. Rc3 Qb5 26. Rfc1 Ke7 27. Qd1 Kd7 28. Qc2 Ne7 29.
Rc7+ Rxc7 30. Qxc7+ Ke8 31. Qb8+ Kd7 32. Rc7# 1-0

[Event "Late-Titled-Tuesday-Blitz-August-29-2023"]
[Site "Chess.com"]
[Date "2023.08.29"]
[Round "10"]
[White "HansOnTwitch"]
[Black "ckgchess"]
[Result "1-0"]
[WhiteElo "2997"]
[BlackElo "2880"]
[TimeControl "180+1"]
[EndTime "15:50:58 PDT"]
[Termination "HansOnTwitch won by resignation"]

1. d4 Nf6 2. c4 e6 3. Nf3 d5 4. g3 Be7 5. Bg2 O-O 6. Nc3 dxc4 7.
Ne5 c5 8. dxc5 Qxd1+ 9. Nxd1 Bxc5 10. Ne3 Bb4+ 11. Bd2 Bxd2+ 12. Kxd2 Nbd7 13. N5xc4 Rb8 14. Rhc1 b6 15. Ke1 Ba6 16. b4 Rfc8 17. Nd6 Rd8 18. Rc7 Ne5 19. b5 Rxd6 20. bxa6 Rd7 21. Rac1 b5 22.
Rb7 Rbd8 23. f4 Neg4 24. Rxd7 1-0

[Event "Late-Titled-Tuesday-Blitz-August-29-2023"]
[Site "Chess.com"]
[Date "2023.08.29"]
[Round "10"]
[White "Grebeniuk-S"]
[Black "Eloist"]
[Result "1-0"]
[WhiteElo "2604"]
[BlackElo "2453"]
[TimeControl "180+1"]
[EndTime "15:51:00 PDT"]
[Termination "Grebeniuk-S won by resignation"]

1. d4 e6 2. Nf3 Nf6 3. e3 b6 4.
Nbd2 Bb7 5. Bd3 c5 6. O-O Nc6 7. a3 d5 8. b3 Bd6 9. Bb2 O-O 10. Qe2 Re8 11. Ne5 Qc7 12. f4 Ne7 13.
c4 Ne4 14. Rac1 f6 15. Nef3 Qd7 16. dxc5 bxc5 17. cxd5 exd5 18. Bb5 Bc6 19. Bxc6 Nxc6 20. Nxe4 Rxe4 21. Qd3 Qe6 22. Rfe1 Re8 23. Kf2 d4 24. exd4 Re2+ 25. Rxe2 Qxe2+ 26. Qxe2 Rxe2+ 27. Kxe2 1-0

[Event "Late-Titled-Tuesday-Blitz-August-29-2023"]
[Site "Chess.com"]
[Date "2023.08.29"]
[Round "10"]
[White "TheMagician"]
[Black "FredddieCroderg"]
[Result "1-0"]
[WhiteElo "2171"]
[BlackElo "2298"]
[TimeControl "180+1"]
[EndTime "15:51:20 PDT"]
[Termination "TheMagician won by checkmate"]

1. d4 g6 2. e4 Bg7 3. Nf3 c6 4. c3 d5 5. e5 Qb6 6. h3 e6 7. a4 c5 8. a5 Qc7 9. Na3 a6 10. Nc2 Nc6 11. b4 cxb4 12. cxb4 Bd7 13. Bd2 Nge7 14. Bd3 Rc8 15. O-O Qb8 16. Rc1 Na7 17. Na1 Bb5 18. Bxb5+ Nxb5 19. Nb3 Nc6 20. Qe2 O-O 21. Qd3 Rc7 22. Nc5 Rfc8 23. h4 Bf8 24. h5 Re8 25. g3 Rcc8 26. Kg2 Bg7 27. Rh1 Ne7 28. hxg6 hxg6 29. g4 Rc7 30. Qe3 Kf8 31.
Rh7 Ng8 32. Rch1 Qc8 33. Qd3 Na7 34. Ng5 Nc6 35. Bc3 Ree7 36. Qf3 Nd8 37. Bd2 Re8 38.
Qh3 Ree7 39. Rxg7 Kxg7 40. Qh8+ Kf8 41. Nh7+ Ke8 42. Nf6+ Kf8 43. Qxg8# 1-0

[Event "Late-Titled-Tuesday-Blitz-August-29-2023"]
[Site "Chess.com"]
[Date "2023.08.29"]
[Round "10"]
[White "powermove"]
[Black "Chemim21"]
[Result "1-0"]
[WhiteElo "2100"]
[BlackElo "2287"]
[TimeControl "180+1"]
[EndTime "15:51:29 PDT"]
[Termination "powermove won by checkmate"]

1. e4 e6 2. d3 d5 3. Nd2 b6 4. g3 Bb7 5. Bg2 Nf6 6. Nh3 c5 7. O-O Be7 8. Re1 O-O 9. e5 Nfd7 10.
f4 Nc6 11. Qg4 Re8 12. Nf3 Nf8 13. Bd2 Rc8 14. Nhg5 h6 15. h4 Nb4 16. Bxb4 cxb4 17.
Re2 hxg5 18. Nxg5 Bxg5 19. hxg5 Ng6 20. Rf1 Re7 21. Qh5 Qc7 22. Bf3 Qc5+ 23. Kg2 d4 24.
Rh1 Bxf3+ 25. Kxf3 Kf8 26. Qh8+ Nxh8 27. Rxh8# 1-0

[Event "Late-Titled-Tuesday-Blitz-August-29-2023"]
[Site "Chess.com"]
[Date "2023.08.29"]
[Round "10"]
[White "dropstoneDP"]
[Black "Bauman_Guy"]
[Result "1-0"]
[WhiteElo "2981"]
[BlackElo "2860"]
[TimeControl "180+1"]
[EndTime "15:51:31 PDT"]
[Termination "dropstoneDP won by checkmate"]

1. c4 e5 2. g3 Nf6 3. Bg2 d5 4. cxd5 Nxd5 5. Nc3 Nb6 6. Nf3 Nc6 7. O-O Be7 8. b3 O-O 9. Bb2 Re8 10. Rc1 Bf8 11.
Ne4 Nd4 12. e3 Nxf3+ 13. Qxf3 c6 14. d4 exd4 15. Bxd4 Be6 16. Rfd1 Bd5 17. Qg4 Re6 18. h4 Rg6 19. Qh5 Qe8 20. Ng5 h6 21. e4 hxg5 22. exd5 gxh4 23. dxc6 hxg3 24. cxb7 gxf2+ 25. Kf1 Rb8 26. Rc3 Rxg2 27. Kxg2 Qe1 28. Qh1 Qe2 29. Bxf2 Rxb7 30.
Rh3 Qe5 31. Rh8# 1-0

[Event "Late-Titled-Tuesday-Blitz-August-29-2023"]
[Site "Chess.com"]
[Date "2023.08.29"]
[Round "10"]
[White "Nf3c5"]
[Black "Road2GM3000"]
[Result "1-0"]
[WhiteElo "2610"]
[BlackElo "2506"]
[TimeControl "180+1"]
[EndTime "15:51:34 PDT"]
[Termination "Nf3c5 won by resignation"]

1. e4 c5 2. Nf3 d6 3. Nc3 Nf6 4. e5 dxe5 5. Nxe5 e6 6. Qe2 Bd6 7. g3 O-O 8. Bg2 Nbd7 9. Nc4 Bc7 10. O-O Nb6 11. b3 Nxc4 12. bxc4 Rb8 13. Rb1 b6 14. d3 Bb7 15. Bxb7 Rxb7 16. Bg5 h6 17. Bxf6 Qxf6 18. Ne4 Qe7 19. a4 Rbb8 20. f4 Qd7 21. Kg2 Bd8 22. a5 Bf6 23. axb6 axb6 24. Rb5 Qc6 25. Qf3 e5 26. f5 Ra8 27. Rfb1 Rfb8 28. Nxc5 Qxf3+ 29. Kxf3 Ra2 30. Nd7 Rd8 31. Nxf6+ gxf6 32. R1b2 Ra1 33.
Rxb6 e4+ 34. Kxe4 Re1+ 35. Kf3 Rde8 36. Rb8 1-0

[Event "Late-Titled-Tuesday-Blitz-August-29-2023"]
[Site "Chess.com"]
[Date "2023.08.29"]
[Round "10"]
[White "Zampronha1971"]
[Black "HajiyevKanan"]
[Result "0-1"]
[WhiteElo "2308"]
[BlackElo "2468"]
[TimeControl "180+1"]
[EndTime "15:51:35 PDT"]
[Termination "HajiyevKanan won by resignation"]

1. e4 c6 2. d4 d5 3. e5 a6 4. Nf3 Bg4 5. Be2 e6 6. O-O c5 7. c3 Nc6 8. Nbd2 Qb6 9. Nb3 cxd4 10. cxd4 Nge7 11. Be3 Nf5 12. Rc1 Be7 13. Qd2 O-O 14.
Nc5 Bxc5 15. dxc5 Qb4 16. Qxb4 Nxb4 17. a3 Nc6 18. Bf4 a5 19. h3 Bxf3 20. Bxf3 Ncd4 21. Rfd1 Nxf3+ 22. gxf3 a4 23. Kf1 h6 24. Ke2 Rfc8 25.
Be3 Ra5 26. Kd3 Rb5 27. Rc2 Nxe3 28. fxe3 Rbxc5 29. Rxc5 Rxc5 30. Rd2 Kf8 31. f4 Ke7 32. Rg2 g6 33. Rd2 Kd7 34. Kd4 Rc4+ 35. Kd3 b5 36. Rg2 Kc6 37. h4 h5 38. Rf2 Kc5 39. Rf1 b4 40. Ra1 b3 41. Rd1 Rc2 42. Rd2 Rxd2+ 43. Kxd2 Kc4 44. Ke2 d4 45. e4 d3+ 46. Ke3 d2 47. Kxd2 Kd4 48. f5 gxf5 49. exf5 exf5 0-1

[Event "Late-Titled-Tuesday-Blitz-August-29-2023"]
[Site "Chess.com"]
[Date "2023.08.29"]
[Round "10"]
[White "viktorgen2021"]
[Black "BozeKat"]
[Result "1-0"]
[WhiteElo "2431"]
[BlackElo "2117"]
[TimeControl "180+1"]
[EndTime "15:51:35 PDT"]
[Termination "viktorgen2021 won on time"]

1. Nf3 c5 2. g3 g6 3. Bg2 Bg7 4. O-O Nc6 5. c4 Nf6 6. Nc3 O-O 7. d3 d5 8. cxd5 Nxd5 9. Bd2 Re8 10. Rc1 Nc7 11. Na4 b6 12. b4 Bb7 13. bxc5 b5 14. Nc3 a6 15. Ne4 Rc8 16. Bc3 e5 17. Ba1 Nd4 18.
Nd6 Nxf3+ 19. exf3 Bd5 20. d4 Bxa2 21. dxe5 Bxe5 22.
Bxe5 Rxe5 23. f4 Re8 24. f5 Bc4 25. fxg6 hxg6 26. Re1 Rxe1+ 27. Qxe1 Rb8 28. Nxc4 bxc4 29. Rxc4 Qd3 30. Rc1 Rb2 31. Qe5 Qd2 32. Rf1 Qd8 33. c6 1-0

[Event "Late-Titled-Tuesday-Blitz-August-29-2023"]
[Site "Chess.com"]
[Date "2023.08.29"]
[Round "10"]
[White "Bala-Afiada"]
[Black "SergioMoralesG"]
[Result "0-1"]
[WhiteElo "1998"]
[BlackElo "2389"]
[TimeControl "180+1"]
[EndTime "15:51:36 PDT"]
[Termination "SergioMoralesG won by resignation"]

1. d4 d5 2. c4 c6 3. Nf3 Nf6 4.
g3 Bf5 5. Bg2 e6 6. O-O Nbd7 7.
Qb3 Qb6 8. c5 Qa6 9. Nc3 h6 10.
Bf4 b6 11. cxb6 axb6 12. Ne5 Nxe5 13. Bxe5 Be7 14. Bxf6 Bxf6 15. e3 O-O 16. Rac1 c5 17. dxc5 bxc5 18. a3 Rfb8 19. Qa2 Bd3 20. Rfd1 Bc4 21.
Qa1 Rb3 22. Bf1 Bxf1 23. Rxf1 Bxc3 24. Rxc3 Rxc3 25. bxc3 Qxa3 26. Qxa3 Rxa3 27. Rc1 c4 28. Kg2 Kf8 29. Kf3 Ke7 30. Rc2 Kd6 31. Kf4 f6 32. h4 Kc5 33. g4 Kb5 34. g5 hxg5+ 35. hxg5 Ka4 36. g6 Kb3 37. Rc1 Kb2 38. Rh1 Kxc3 39. Rh7 Ra7 40. Rh8 Kd2 41. Rf8 c3 42. Rf7 Ra4+ 43. Kg3 c2 44. Rxg7 c1=Q 0-1

[Event "Late-Titled-Tuesday-Blitz-August-29-2023"]
[Site "Chess.com"]
[Date "2023.08.29"]
[Round "10"]
[White "Sajkochess"]
[Black "Cipy77"]
[Result "1-0"]
[WhiteElo "2434"]
[BlackElo "2542"]
[TimeControl "180+1"]
[EndTime "15:51:37 PDT"]
[Termination "Sajkochess won by checkmate"]

1. e4 c5 2. Nf3 Nc6 3. d4 cxd4 4. Nxd4 Nf6 5. Nc3 d6 6. g3 e6 7. Bg2 Ke7 8. O-O Bd7 9. Re1 g6 10. Ndb5 Qb8 11. Nd5+ exd5 12. exd5+ Ne5 13. Rxe5+ dxe5 14. d6+ Kd8 15. Bg5 Bxb5 16. Bxf6+ Ke8 17. Qd5 Bd7 18. Qxe5+ Be6 19. d7+ Kxd7 20. Qb5+ Kc8 21. Bxh8 a6 22. Qe8+ Kc7 23. Be5+ Bd6 24. Qe7+ Kb6 25. Bxd6 Qc8 26. c3 a5 27. Bc5+ Ka6 28. Bf1+ b5 29. Qd6+ Kb7 30.
Qb6# 1-0

[Event "Late-Titled-Tuesday-Blitz-August-29-2023"]
[Site "Chess.com"]
[Date "2023.08.29"]
[Round "10"]
[White "rikchessmx"]
[Black "UgarteCesar"]
[Result "1/2-1/2"]
[WhiteElo "2424"]
[BlackElo "2272"]
[TimeControl "180+1"]
[EndTime "15:51:39 PDT"]
[Termination "Game drawn by repetition"]

1. e4 c5 2. Nf3 Nc6 3. d4 cxd4 4.
Nxd4 Qb6 5. Nb3 Nf6 6. Nc3 e6 7. Be3 Qc7 8. Be2 a6 9. f3 b5 10. a3 b4 11. axb4 Bxb4 12. O-O O-O 13. Na4 Rb8 14.
Nac5 a5 15. Na6 Bxa6 16. Bxa6 d5 17. Bd3 Rfd8 18. exd5 Nxd5 19. Bf2 Bd6 20. g3 Ne5 21. Be4 Nf6 22. Qe2 Qc4 23. Qxc4 Nxc4 24. Nxa5 Nxa5 25. Rxa5 Nxe4 26. fxe4 Rxb2 27. c4 g6 28. Rd1 Rxf2 29. Rxd6 Rxd6 30. Kxf2 Rd2+ 31. Ke3 Rxh2 32. c5 Rc2 33. Kd3 Rc1 34. Kd2 Rc4 35. Kd3 Rc1 36.
Kd2 Rc4 37. Kd3 Rc1 1/2-1/2

[Event "Late-Titled-Tuesday-Blitz-August-29-2023"]
[Site "Chess.com"]
[Date "2023.08.29"]
[Round "10"]
[White "Semetey"]
[Black "Jaka_Brilej"]
[Result "1-0"]
[WhiteElo "2596"]
[BlackElo "2501"]
[TimeControl "180+1"]
[EndTime "15:51:40 PDT"]
[Termination "Semetey won by checkmate"]

1. e4 e6 2. d4 d5 3. Nc3 Nf6 4. e5 Nfd7 5. f4 c5 6. Nf3 Nc6 7. Be3 cxd4 8. Nxd4 Qb6 9. Qd2 Qxb2 10. Rb1 Qa3 11.
Bb5 Nxd4 12. Bxd4 a6 13. Bxd7+ Bxd7 14. Rxb7 Rc8 15. Rb3 Qa5 16. O-O Bc5 17. Kh1 O-O 18. f5 Bxd4 19. Qxd4 Rc4 20. Qa7 Bc8 21. fxe6 Bxe6 22.
Ne2 Qxa2 23. Nd4 Rcc8 24. Rg3 Qc4 25. Rf4 Ra8 26. Qe7 Rab8 27. Rxg7+ Kxg7 28. Nxe6+ Kg8 29. Qg5+ Kh8 30. Qg7# 1-0

[Event "Late-Titled-Tuesday-Blitz-August-29-2023"]
[Site "Chess.com"]
[Date "2023.08.29"]
[Round "10"]
[White "PepeCuenca"]
[Black "ErikRonka"]
[Result "1-0"]
[WhiteElo "2703"]
[BlackElo "2499"]
[TimeControl "180+1"]
[EndTime "15:51:43 PDT"]
[Termination "PepeCuenca won by resignation"]

1. c4 c6 2. d4 d5 3. Nf3 e6 4. e3 Nf6 5. b3 Nbd7 6. Bd3 Bd6 7.
Bb2 Qe7 8. O-O e5 9. dxe5 Nxe5 10. Nxe5 Bxe5 11. Bxe5 Qxe5 12. Nd2 O-O 13. h3 Bf5 14. Nf3 Qxa1 15. Qxa1 Bxd3 16. Rc1 dxc4 17. bxc4 c5 18. Ne5 Be4 19. f3 Bf5 20. Rd1 Rfd8 21. Kf2 h6 22. g4 Be6 23. Qc1 Kf8 24. h4 Ke7 25. g5 hxg5 26. hxg5 Nd7 27. Nxd7 Rxd7 28. Rxd7+ Bxd7 29. Qc3 f6 30. Qd3 Be6 31. Qg6 fxg5 32. Qxg7+ Kd6 33.
Qxg5 Bxc4 34. Qf4+ Kd5 35. Qe4+ 1-0

[Event "Late-Titled-Tuesday-Blitz-August-29-2023"]
[Site "Chess.com"]
[Date "2023.08.29"]
[Round "10"]
[White "Goffredo_Fofi"]
[Black "cassoulet"]
[Result "0-1"]
[WhiteElo "2560"]
[BlackElo "2745"]
[TimeControl "180+1"]
[EndTime "15:51:44 PDT"]
[Termination "cassoulet won by resignation"]

1. d4 Nf6 2. Nf3 g6 3. c4 Bg7 4. Nc3 d5 5. cxd5 Nxd5 6. e4 Nxc3 7. bxc3 c5 8. Rb1 O-O 9. Be2 Nc6 10. d5 Ne5 11.
Nxe5 Bxe5 12. Qd2 e6 13. f4 Bc7 14. O-O exd5 15. exd5 Ba5 16. d6 Bf5 17. Rb5 c4 18. Ba3 a6 19. Re5 Bd7 20. Bf3 Rb8 21. Bd5 b5 22. Re7 Bf5 23. g4 Bd3 24. f5 b4 25. f6 Qxd6 26. Qh6 Bb6+ 27. Kg2 Bxf1+ 28. Kh1 Qxd5+ 0-1

[Event "Late-Titled-Tuesday-Blitz-August-29-2023"]
[Site "Chess.com"]
[Date "2023.08.29"]
[Round "10"]
[White "RIPOL"]
[Black "gunslinger222"]
[Result "0-1"]
[WhiteElo "2404"]
[BlackElo "2462"]
[TimeControl "180+1"]
[EndTime "15:51:44 PDT"]
[Termination "gunslinger222 won by resignation"]

1. d4 Nf6 2. Bg5 c5 3. Bxf6 exf6 4. e3 d5 5. dxc5 Bxc5 6. c3 O-O 7. Nd2 Re8 8. Nb3 Bb6 9. Nf3 Nc6 10. Be2 Ne5 11. O-O Bf5 12. Nfd4 Be4 13. Nd2 Bxd4 14. exd4 Ng6 15. Bb5 Re7 16. f3 Bf5 17. Nb3 a6 18.
Bd3 Bxd3 19. Qxd3 Nf4 20. Qf5 Qd6 21. g3 Ne6 22. Rae1 b6 23. Nc1 Rd8 24. Nd3 a5 25. Rf2 Rc7 26. Rfe2 Rcc8 27. Kg2 a4 28. a3 h6 29. Nb4 g5 30. Kg1 Kg7 31. Qc2 Nxd4 0-1

[Event "Late-Titled-Tuesday-Blitz-August-29-2023"]
[Site "Chess.com"]
[Date "2023.08.29"]
[Round "10"]
[White "giomar27"]
[Black "miraitrunks"]
[Result "1-0"]
[WhiteElo "2272"]
[BlackElo "2034"]
[TimeControl "180+1"]
[EndTime "15:51:46 PDT"]
[Termination "giomar27 won by resignation"]

1. e4 c5 2. Nf3 Nc6 3. b4 d5 4.
exd5 Qxd5 5. Nc3 Qe6+ 6. Be2 cxb4 7. Nb5 Qd7 8. a3 a6 9. axb4 Nf6 10. O-O e6 11. c3 Be7 12. Nbd4 Nxd4 13. Nxd4 O-O 14. Nb3 Bd6 15. d4 e5 16. Nc5 Qf5 17. Bd3 e4 18. Bc2 b6 19. Nb3 Be6 20. f3 Bc4 21. fxe4 Qxf1+ 22. Qxf1 Bxf1 23. Kxf1 Bxh2 24. e5 Nd5 25. Be4 Rad8 26.
Bxd5 Rxd5 27. Rxa6 h5 28. c4 Rd7 29. Rxb6 Ra8 30. c5 Ra2 31. c6 Re7 32. Rb7 Re8 33. c7 Rc2 34. b5 Bg3 35. Rb8 Kf8 36. b6 Rf2+ 37. Kg1 Re2 38. Rxe8+ Kxe8 39. c8=Q+ Ke7 40. Qc5+ Ke8 41. Qb5+ Ke7 42. Qxe2 1-0

[Event "Late-Titled-Tuesday-Blitz-August-29-2023"]
[Site "Chess.com"]
[Date "2023.08.29"]
[Round "10"]
[White "Jahonas"]
[Black "MathiasCasalaspro"]
[Result "1-0"]
[WhiteElo "2460"]
[BlackElo "2277"]
[TimeControl "180+1"]
[EndTime "15:51:48 PDT"]
[Termination "Jahonas won by resignation"]

1. e4 c6 2. c4 d5 3. exd5 cxd5 4. d4 Nf6 5. Nc3 Nc6 6. c5 e5 7.
dxe5 Nxe5 8. Nf3 Nc6 9. Bb5 Bxc5 10. O-O O-O 11. Bg5 Be6 12. Bxc6 bxc6 13. Rc1 h6 14. Bxf6 Qxf6 15. Na4 Bb6 16. Rxc6 Rac8 17. Rxc8 Rxc8 18. Nxb6 axb6 19. Qd4 Rc2 20. Qxf6 gxf6 21. Rb1 b5 22. a3 Bd7 23. h3 Kf8 24. Nd4 Rd2 25. Nb3 Re2 26.
Kf1 Rc2 27. Nd4 Rd2 28. Nf3 Rd3 29. Ke2 Rb3 30. Nd4 Bf5 31. Nxf5 b4 32. Nd4 1-0

[Event "Late-Titled-Tuesday-Blitz-August-29-2023"]
[Site "Chess.com"]
[Date "2023.08.29"]
[Round "10"]
[White "Fan_Of_Chucky"]
[Black "matagordo"]
[Result "1-0"]
[WhiteElo "2508"]
[BlackElo "2222"]
[TimeControl "180+1"]
[EndTime "15:51:54 PDT"]
[Termination "Fan_Of_Chucky won on time"]

1. d4 e6 2. c4 Nf6 3. Nf3 Bb4+ 4. Bd2 Qe7 5. g3 Nc6 6. e3 Bxd2+ 7. Qxd2 d6 8. Bg2 O-O 9. Nc3 e5 10. O-O Bg4 11.
Nd5 Nxd5 12. cxd5 Bxf3 13. Bxf3 Nb8 14. dxe5 Qxe5 15. Rac1 Qe7 16. Qc3 Rc8 17. Bg4 Nd7 18. Qb3 Nc5 19. Rxc5 dxc5 20. Bxc8 Rxc8 21. Qxb7 Qd7 22.
Rc1 Rd8 23. Rxc5 Qa4 24. Qxc7 Re8 25. d6 Qd1+ 26. Kg2 h5 27. d7 Rf8 28. Qc8 h4 29.
Qxf8+ Kxf8 30. Rc8+ Ke7 31. d8=Q+ Qxd8 32. Rxd8 Kxd8 33. gxh4 Ke7 34. Kf3 Kd6 35. Ke4 Kc5 36.
Kd3 Kb4 37. f4 Kc5 38. e4 1-0

[Event "Late-Titled-Tuesday-Blitz-August-29-2023"]
[Site "Chess.com"]
[Date "2023.08.29"]
[Round "10"]
[White "gordonzyxu"]
[Black "wild3000"]
[Result "1-0"]
[WhiteElo "2140"]
[BlackElo "2291"]
[TimeControl "180+1"]
[EndTime "15:51:54 PDT"]
[Termination "gordonzyxu won by checkmate"]

1. e4 d5 2. exd5 Nf6 3. Nf3 Nxd5 4. d4 e6 5. c4 Nb4 6. Nc3 c5 7. a3 cxd4 8. Nxd4 N4c6 9. Nxc6 Nxc6 10. Qxd8+ Kxd8 11.
Bf4 a6 12. Be2 Be7 13. O-O-O+ Ke8 14. Bf3 g5 15. Bg3 h5 16. Bxc6+ bxc6 17. Ne4 h4 18. Be5 Rg8 19. Bf6 Rg6 20. Bxe7 Kxe7 21. Rd3 Ra7 22. Rhd1 Rd7 23. Rxd7+ Bxd7 24. Nc5 Bc8 25. b4 g4 26. Kc2 Rf6 27. Rd2 Rf5 28. g3 h3 29. Kd3 Rf3+ 30.
Ke4 Rxa3 31. Kf4 f5 32. Nd3 Kf6 33. Ne5 a5 34. Rd8 axb4 35. Rxc8 Ke7 36. Rxc6 Ra2 37. Nd3 b3 38. Rb6 Ra3 39. Ke5 Ra5+ 40. Kd4 Ra1 41.
Ke5 Rh1 42. Rb7+ Kd8 43. Rxb3 Rxh2 44. Rb7 Rh1 45. Rh7 Rd1 46. Nc5 Re1+ 47. Kd6 Ke8 48.
Nxe6 Re2 49. Re7# 1-0

[Event "Late-Titled-Tuesday-Blitz-August-29-2023"]
[Site "Chess.com"]
[Date "2023.08.29"]
[Round "10"]
[White "GreatOwl02"]
[Black "dennisodessa"]
[Result "1/2-1/2"]
[WhiteElo "2394"]
[BlackElo "2523"]
[TimeControl "180+1"]
[EndTime "15:51:56 PDT"]
[Termination "Game drawn by repetition"]

1. d4 Nf6 2. Bf4 c5 3. c3 Qb6 4.
Qc2 Nc6 5. e3 Nh5 6. Bg3 d6 7.
Nd2 Nxg3 8. hxg3 g6 9. Bd3 Bg7 10. Ngf3 Bd7 11. a4 Rc8 12. Nc4 Qc7 13. dxc5 dxc5 14.
Rd1 Na5 15. Nfd2 O-O 16. O-O Rfd8 17. e4 a6 18. Ne3 e6 19. f4 b5 20. axb5 axb5 21.
e5 c4 22. Be4 Qb6 23. Rfe1 Bf8 24. Kh2 h5 25. Nf3 Bc5 26. Bxg6 Bxe3 27. Bxf7+ Kxf7 28. Qh7+ Kf8 29. Qh8+ Kf7 30. Qxh5+ Kg7 31. Qg5+ Kh7 32.
Qh5+ Kg7 33. Qg5+ Kh7 34. Qh5+ Kg7 1/2-1/2

[Event "Late-Titled-Tuesday-Blitz-August-29-2023"]
[Site "Chess.com"]
[Date "2023.08.29"]
[Round "10"]
[White "TC2304"]
[Black "NMJeevanK"]
[Result "0-1"]
[WhiteElo "2411"]
[BlackElo "2522"]
[TimeControl "180+1"]
[EndTime "15:51:57 PDT"]
[Termination "NMJeevanK won by resignation"]

1. c4 e5 2. g3 Nf6 3. Bg2 c6 4.
d4 Bb4+ 5. Bd2 Bxd2+ 6. Qxd2 exd4 7. Qxd4 O-O 8. Nc3 Re8 9. Nf3 Na6 10. O-O Nc7 11.
Rfd1 Qe7 12. c5 Ne6 13. Qd6 Nxc5 14. e3 Nce4 15. Nxe4 Nxe4 16. Qd3 d5 17. Nd4 Bg4 18. Rdc1 Bh5 19. Nf5 Qf6 20. f3 Qxf5 21. fxe4 dxe4 22. Qc3 Bf3 23. Rf1 Rad8 24. Rf2 Rd3 25. Qe1 Red8 26. Bxf3 exf3 27. e4 Qc5 28. Qf1 Rd2 29. Re1 Rxb2 30. Rc1 Qb6 31. Kh1 Rxf2 0-1

[Event "Late-Titled-Tuesday-Blitz-August-29-2023"]
[Site "Chess.com"]
[Date "2023.08.29"]
[Round "10"]
[White "PawnEatingZombie"]
[Black "PNEPaul"]
[Result "1-0"]
[WhiteElo "2093"]
[BlackElo "1885"]
[TimeControl "180+1"]
[EndTime "15:52:00 PDT"]
[Termination "PawnEatingZombie won by resignation"]

1. e4 e5 2. Nf3 Nc6 3. d4 exd4 4. Nxd4 Be7 5. Nxc6 dxc6 6. Bd3 Nf6 7. O-O O-O 8.
Nc3 h6 9. h3 Be6 10. Qf3 Nd7 11. Bf4 Bf6 12. Qg3 Bxc3 13. bxc3 Qf6 14. e5 Qe7 15.
Bxh6 f5 16. exf6 Qxf6 17. Bg5 Qe5 18. Qh4 Bf5 19. Rae1 Qc5 20. Re7 Ne5 21. Rxg7+ Kxg7 22. Bh6+ Kf7 23. Qh5+ Bg6 24. Bxg6+ Nxg6 25. Qxc5 Rfe8 26. Qf5+ 1-0

[Event "Late-Titled-Tuesday-Blitz-August-29-2023"]
[Site "Chess.com"]
[Date "2023.08.29"]
[Round "10"]
[White "colegiodemadrid"]
[Black "rochaaaaaaaaaa"]
[Result "0-1"]
[WhiteElo "2439"]
[BlackElo "2266"]
[TimeControl "180+1"]
[EndTime "15:52:08 PDT"]
[Termination "rochaaaaaaaaaa won by resignation"]

1. Nf3 d5 2. e3 Nf6 3. c4 e6 4.
Nc3 Bd6 5. d4 b6 6. cxd5 exd5 7.
Bb5+ c6 8. Bd3 O-O 9. Qc2 Re8 10. Bd2 Bb7 11. h3 c5 12. dxc5 bxc5 13. Bb5 Nc6 14. O-O Rb8 15. Rac1 Ba8 16. Ba4 a6 17. Ne2 Ne4 18. Bc3 Nxc3 19. bxc3 Re6 20. Nf4 Bxf4 21. exf4 Qd6 22. Ng5 Rg6 23. Qf5 Rf8 24. h4 Ne7 25.
Qe5 h6 26. Qxd6 Rxd6 27. Nf3 d4 28. cxd4 Bxf3 29. gxf3 cxd4 30. Rc7 Nd5 31. Bb3 Nxc7 32. Kg2 d3 33. Rd1 d2 34. Kg3 Re8 35. Kg2 Re1 0-1

[Event "Late-Titled-Tuesday-Blitz-August-29-2023"]
[Site "Chess.com"]
[Date "2023.08.29"]
[Round "10"]
[White "Rud_Makarian"]
[Black "platy3"]
[Result "0-1"]
[WhiteElo "3000"]
[BlackElo "2922"]
[TimeControl "180+1"]
[EndTime "15:52:11 PDT"]
[Termination "platy3 won by checkmate"]

1. d4 Nf6 2. c4 e6 3. Nf3 d5 4. g3 Be7 5. Bg2 O-O 6. O-O dxc4 7. Qc2 a6 8. a4 Bd7 9. Qxc4 Bc6 10. Bg5 a5 11. Nc3 Na6 12. Bxf6 Bxf6 13. e4 Nb4 14. Rad1 Qe8 15. Qb3 Rd8 16. Rfe1 e5 17. dxe5 Rxd1 18. Qxd1 Bxe5 19. Nd4 Bxd4 20. Qxd4 Nc2 21. Qd2 Nxe1 22.
Qxe1 Qe5 23. Qe3 Rd8 24. h4 h6 25. Kh2 Rd6 26. Qe2 Qd4 27. e5 Re6 28. Bxc6 Rxc6 29. Kh3 h5 30. f4 g6 31. Qf3 Rb6 32. g4 Rxb2 33. Ne2 Qd1 34. e6 Qxe2 35. exf7+ Kxf7 36. Qb3+ Rxb3# 0-1

[Event "Late-Titled-Tuesday-Blitz-August-29-2023"]
[Site "Chess.com"]
[Date "2023.08.29"]
[Round "10"]
[White "Fandorine"]
[Black "jefferyx"]
[Result "0-1"]
[WhiteElo "2927"]
[BlackElo "3029"]
[TimeControl "180+1"]
[EndTime "15:52:14 PDT"]
[Termination "jefferyx won by resignation"]

1. e4 e5 2. Nf3 Nc6 3. Bc4 Nf6 4. d3 Bc5 5. c3 O-O 6. Bg5 h6 7. Bh4 Be7 8. Nbd2 d6 9. a4 Kh8 10. O-O Ng8 11. Bg3 f5 12. exf5 Bxf5 13. Re1 Nf6 14. a5 a6 15. h3 Bh7 16. Nf1 Qd7 17. d4 e4 18. N3d2 d5 19. Be2 Bd6 20. Ne3 Bxg3 21.
fxg3 Qd6 22. Ndf1 Ne7 23. Qb3 c5 24. Qa3 Rac8 25. Rad1 Qc7 26. dxc5 Qxc5 27. Qxc5 Rxc5 28. c4 dxc4 29. Nxc4 Nc6 30. Nfe3 Bg8 31. Nd6 Rxa5 32. Nxb7 Ra2 33. Rd6 Nb4 34. Nc5 a5 35. Rb1 Rc8 36. Ne6 Nd3 37. Bxd3 exd3 38. Nf4 Bh7 39. Nxd3 Ne4 40.
Rd7 Nxg3 41. Nf4 Bxb1 0-1